 Dungeon Crawl Stone Soup version 0.20.1-1-g8b1a95d (webtiles) character file.

133 raph the Slasher (level 4, -1/41 HPs)
             Began as a Minotaur Monk on Dec 25, 2017.
             Slain by an orc priest
             ... wielding a +0 club
              (3 damage)
             ... on level 3 of the Dungeon.
             The game lasted 00:03:06 (2506 turns).

raph the Slasher (Minotaur Monk)                    Turns: 2506, Time: 00:03:07

Health: -1/41      AC:  8    Str: 16    XL:     4   Next: 93%
Magic:  3/3        EV:  8    Int:  7    God:
Gold:   123        SH:  0    Dex: 13    Spells: 3/3 levels left

rFire    + + .     SeeInvis .   a - +0 falchion
rCold    + . .     Gourm    .   (no shield)
rNeg     . . .     Faith    .   t - +0 chain mail
rPois    +         Spirit   .   l - +0 hat
rElec    +         Reflect  .   (no cloak)
rCorr    +         Harm     .   (no gloves)
MR       .....                  (no boots)
Stlth    ..........             (no amulet)
Regen    0.2/turn               o - ring of protection from fire
MPRegen  0.1/turn               (no ring)

@: resistant
A: retaliatory headbutt, horns 2
a: no special abilities


You were on level 3 of the Dungeon.
You were not hungry.

You visited 1 branch of the dungeon, and saw 3 of its levels.

You collected 123 gold pieces.

Inventory:

Hand Weapons
 a - a +0 falchion (weapon)
Missiles
 e - 80 stones (quivered)
Armour
 b - a +0 robe
 h - a +0 leather armour
 i - a +0 scale mail
 l - a +0 hat (worn)
 t - a +0 chain mail (worn)
Jewellery
 o - a ring of protection from fire (left hand)
Scrolls
 d - a scroll of random uselessness {unknown}
 g - a scroll of teleportation {unknown}
 n - 2 scrolls of identify {unknown}
 p - a scroll of enchant armour {unknown}
 s - a scroll of fog {unknown}
Potions
 k - a potion of ambrosia {unknown}
 m - 3 potions of curing {unknown}
 q - a potion of haste
Comestibles
 c - 2 bread rations
 j - 2 meat rations


   Skills:
 + Level 4.6 Fighting
 * Level 4.8 Long Blades
 + Level 0.5 Armour
 + Level 4.1 Dodging
 + Level 2.3 Stealth


You had 3 spell levels left.
You didn't know any spells.

Dungeon Overview and Level Annotations

Branches:
Dungeon (3/15)

Altars:


Innate Abilities, Weirdness & Mutations

You reflexively headbutt those who attack you in melee.
You have a pair of horns on your head.


Message History

You hit the orc priest. Your headbutt misses the orc priest.
The orc priest is moderately wounded.
The orc priest mumbles some strange prayers to Beogh against you.
Pain shoots through your body!
* * * LOW HITPOINT WARNING * * *
You hit the orc priest. Your headbutt misses the orc priest.
The orc priest is heavily wounded.
The orc priest hits you but does no damage.
Okay, then.
You barely miss the orc priest.
The orc priest is heavily wounded.
The orc priest hits you but does no damage.
It was a potion of resistance.
You feel protected.
The orc priest hits you but does no damage.
You hit the orc priest but do no damage.
You headbutt the orc priest!
The orc priest is almost dead.
The orc priest hits you with a club.
You die...

#...#...#
#.#####.#
#...#..>#
###.#.### #
#...## .## #
##.##. ..###.#
#.##.###.....#
#.##.o#...##
#.###.@..#.##
#....(#...#.#
######.#...#
#.##<## #)##.#
#)##.# #.#...
#..... ###...#


You could see an orc priest.

Vanquished Creatures
  Terence (D:2)
  4 adders (D:2)
  2 worms
  2 dart slugs
  3 orcs (D:3)
  3 giant cockroaches
  3 goblins
  9 hobgoblins
  12 jackals
  3 kobolds
  2 quokkas
  3 ball pythons
  3 bats
  3 frilled lizards (D:2)
  5 rats
58 creatures vanquished.

Notes
Turn   | Place    | Note
-------+----------+-------------------------------------------
     0 | D:1      | raph the Minotaur Monk began the quest for the Orb.
     0 | D:1      | Reached XP level 1. HP: 19/19 MP: 0/0
   293 | D:1      | Reached XP level 2. HP: 9/27 MP: 1/1
  1075 | D:2      | Reached XP level 3. HP: 25/33 MP: 2/2
  1570 | D:2      | Noticed Terence
  1581 | D:2      | Killed Terence
  1581 | D:2      | Reached XP level 4. HP: 39/40 MP: 3/3
  2502 | D:3      | HP: 1/41 [orc priest/nerve-wracking pain (11)]
  2506 | D:3      | Slain by an orc priest

Skill      XL: |  1  2  3  4 |
---------------+-------------+-----
Long Blades    | 4 |  4.8
Fighting       | 4 |  4.6
Stealth        | 2 |  2.3
Dodging        | 4 |  4.1
Armour         | |  0.5

Action                   |  1- 3 |  4- 6 || total
-------------------------+-------+-------++-------
Melee: Falchion          |    55 |    71 ||   126
       Headbutt          |    10 |     8 ||    18
  Use: Potion            |       |     1 ||     1
 Stab: Sleeping          |     1 |       ||     1
  Eat: Chunk             |     2 |     3 ||     5
Armor: Robe              |     2 |       ||     2
       Leather armour    |     6 |       ||     6
       Chain mail        |       |    28 ||    28
       Scale mail        |       |     8 ||     8
Dodge: Dodged            |    30 |    43 ||    73
       Rpst.: Falchion   |     7 |     8 ||    15
